 Dungeon Crawl Stone Soup version 0.24-a0-378-g94936e5 (webtiles) character file.

Game seed: 7161556204284922708

189 AllHailThrall the Sneak (level 5, 0/24 HPs)
             Began as a Spriggan Enchanter on June 1, 2019.
             Succumbed to a scorpion's poison
             ... on level 4 of the Dungeon.
             The game lasted 00:15:11 (4459 turns).

AllHailThrall the Sneak (Spriggan Enchanter)        Turns: 4459, Time: 00:15:12

Health: 0/24       AC:  5    Str:  4    XL:     5   Next: 40%
Magic:  7/10       EV: 18    Int: 16    God:
Gold:   136        SH:  0    Dex: 18    Spells: 3/9 levels left

rFire    . . .     SeeInvis +   t - +0 dagger (venom)
rCold    . . .     Gourm    .   (shield restricted)
rNeg     . . .     Faith    .   b - +0 robe
rPois    .         Spirit   .   (helmet restricted)
rElec    .         Reflect  .   (no cloak)
rCorr    .         Harm     .   (gloves unavailable)
MR       .....                  (boots unavailable)
Stlth    ++++......             (no amulet)
HPRegen  0.08/turn              m - +3 ring of protection
MPRegen  0.12/turn              (no ring)

@: lethally poisoned (0 -> -2), very quick
A: very small, unfitting armour, see invisible, herbivore, speed 3, slow
metabolism 2
a: no special abilities


You were on level 4 of the Dungeon.
You were very hungry.

You visited 1 branch of the dungeon, and saw 4 of its levels.

You collected 136 gold pieces.

Inventory:

Hand Weapons
 a - a +1 dagger
 t - a +0 dagger of venom (weapon)
Missiles
 f - 102 stones (quivered)
Armour
 b - a +0 robe (worn)
Jewellery
 m - a +3 ring of protection (left hand)
Scrolls
 d - a scroll of teleportation
 g - 3 scrolls of remove curse
 j - a scroll of enchant weapon {unknown}
 p - a scroll of fog {unknown}
 r - a scroll of identify {unknown}
 s - a scroll of enchant armour {unknown}
Potions
 c - 4 potions of curing {unknown}
 h - a potion of agility {unknown}
 i - a potion of mutation {unknown}
 l - a potion of experience {unknown}
 n - a potion of haste
 o - a potion of degeneration {unknown}
 q - a potion of berserk rage {unknown}
Comestibles
 e - 2 rations


   Skills:
 + Level 4.1 Short Blades
 - Level 3.0 Dodging
 + Level 7.4 Stealth
 - Level 2.6 Spellcasting
 - Level 3.6 Hexes


You had 3 spell levels left.
You knew the following spells:

 Your Spells              Type           Power        Failure   Level  Hunger
a - Ensorcelled Hibernat  Hex/Ice        #.....       14%         2    ##.....
b - Confuse               Hex            ##......     13%         3    ###....
e - Corona                Hex            ##.....      4%          1    #......

Your spell library contained the following spells:

 Spells                   Type           Power        Failure   Level  Hunger
 Tukima's Dance           Hex            ##......     13%         3    ###....
 Dazzling Spray           Conj/Hex       #.....       28%         3    ###....


Dungeon Overview and Level Annotations

Branches:
Dungeon (4/15)
 Temple: D:4-7

Altars:


Innate Abilities, Weirdness & Mutations

You are very small and have problems with some larger weapons.
You are too small for most types of armour.
You have supernaturally acute eyesight. (SInv)
You are a herbivore.
You cover ground extremely quickly.
You need to consume almost no food.


Message History

You feel sick.
You feel sick.
You feel sick.
You feel sick.
You feel sick.
You feel sick.
You feel sick.
You feel sick.
There is an escape hatch in the floor here.
The orc wizard shouts!
The orc wizard points at you and mumbles some strange words.
You easily resist.
You feel sick.
The orc wizard points at you and mumbles some strange words.
The magic dart hits you.
* * * LOW HITPOINT WARNING * * *
The orc wizard casts a spell at you. The magic dart hits you.
* * * LOW HITPOINT WARNING * * *
You die...

#..# .# .. #)# #..#
.# #. #†#
####..###.# # #.#
........#.# #.#
#######>#.# #.#
#######.#.# #.#
..........# #)#
#######.#########.#
#.o.......@.#
#.########### ###


There were no monsters in sight!

Vanquished Creatures
  A scorpion (D:4)
  An orc priest (D:3)
  A shadow imp (D:3)
  2 oozes (D:2)
  2 worms (D:2)
  2 dart slugs (D:1)
  A leopard gecko (D:2)
  11 orcs
  7 bats
  5 giant cockroaches
  6 goblins
  6 hobgoblins
  4 jackals (D:1)
  13 kobolds
  A quokka (D:3)
  3 ball pythons
  6 rats
72 creatures vanquished.

Notes
Turn   | Place    | Note
-------+----------+-------------------------------------------
     0 | D:1      | AllHailThrall the Spriggan Enchanter began the quest for
                  | the Orb.
     0 | D:1      | Reached XP level 1. HP: 9/9 MP: 5/5
   341 | D:1      | Reached skill level 5 in Stealth
   341 | D:1      | Reached XP level 2. HP: 13/13 MP: 4/6
   364 | D:1      | Learned a level 2 spell: Ensorcelled Hibernation
  1213 | D:1      | Reached XP level 3. HP: 16/16 MP: 8/8
  1218 | D:1      | Learned a level 3 spell: Confuse
  2683 | D:2      | Reached skill level 6 in Stealth
  3083 | D:3      | Reached XP level 4. HP: 21/21 MP: 4/9
  3551 | D:3      | Found a faded altar of an unknown god.
  4214 | D:4      | Reached skill level 7 in Stealth
  4290 | D:4      | Reached XP level 5. HP: 24/24 MP: 4/10
  4457 | D:4      | HP: 1/24 [orc wizard/magic dart (2)]
  4459 | D:4      | Succumbed to a scorpion's poison

Levels and vault maps discovered:
D:1:      roderic_crossed_star, layout_rooms
D:2:      layout_loops_ring, first_ration
D:3:      layout_loops_cross, chequers_ecumenical_altar_twisty
D:4:      layout_basic, temple_doors_cd, uniq_duvessa

Skill      XL: |  1  2  3  4  5 |
---------------+----------------+-----
Stealth        | 5 6 7 |  7.4
Short Blades   | 2 3 4 |  4.1
Dodging        | |  3.0
Spellcasting   | |  2.6
Hexes          | |  3.6

Action                   |  1- 3 |  4- 6 || total
-------------------------+-------+-------++-------
Melee: Dagger            |    73 |    36 ||   109
 Cast: Corona            |     9 |       ||     9
       Ensorcelled Hiber |    59 |    19 ||    78
       Confuse           |     3 |     4 ||     7
  Use: Scroll            |       |     3 ||     3
 Stab: Sleeping          |    40 |    17 ||    57
       Confused          |     1 |     4 ||     5
  Eat: Ration            |     2 |     1 ||     3
Armor: Robe              |    11 |     3 ||    14
Dodge: Dodged            |    68 |    16 ||    84

Table legend:
 A = Non-vault XP
 B = Vault XP
 C = Vault XP percentage of total XP
 D = Non-vault monster count
 E = Vault monster count
 F = Vault count percentage of total count
                 A         B        C        D         E       F
            +---------+---------+-------+---------+---------+-------
      Total |     270 |       0 |   0.0 |      72 |       0 |   0.0
            +---------+---------+-------+---------+---------+-------
        D:1 |      43 |       0 |   0.0 |      22 |       0 |   0.0
        D:2 |      46 |       0 |   0.0 |      19 |       0 |   0.0
        D:3 |      94 |       0 |   0.0 |      23 |       0 |   0.0
        D:4 |      87 |       0 |   0.0 |       8 |       0 |   0.0
            +---------+---------+-------+---------+---------+-------
